 Dungeon Crawl Stone Soup version 0.31-a0-774-g0d66cbabe8 (webtiles) character file.

Game seed: 8576508943635737020

71 mandarbmax the Slasher (level 4, 0/40 HPs)
             Began as a Draconian Monk on Sept 17, 2023.
             Killed by an exploding orc (15 damage)
             ... ignited by their inner flame
             ... on level 3 of the Dungeon.
             The game lasted 00:02:57 (1240 turns).

mandarbmax the Slasher (Draconian Monk)             Turns: 1240, Time: 00:02:59

Health: 0/40       AC:  6    Str: 14    XL:     4   Next: 5%
Magic:  0/4        EV: 18    Int: 10    God:
Gold:   77         SH:  0    Dex: 15    Spells: 3/3 levels left

rFire   + . .        a - +0 falchion
rCold   + . .        c - orb {light}
rNeg    . . .        (body armour unavailable)
rPois   +            (helmet restricted)
rElec   +            (no cloak)
rCorr   +            (no gloves)
SInv    .            h - +0 pair of boots
Will    .....        k - amulet of guardian spirit
Stlth   +            e - +5 ring of evasion
HPRegen 0.26/turn    (no ring)
MPRegen 0.09/turn

%: guardian spirit
@: resistant, glowing
A: AC +5, unfitting armour, cold-blooded
a: no special abilities


You were on level 3 of the Dungeon.
You visited 1 branch of the dungeon, and saw 3 of its levels.

You collected 77 gold pieces.

Inventory:

Hand Weapons
 a - a +0 falchion (weapon)
Armour
 c - an orb of light (worn)
 h - a +0 pair of boots (worn)
Jewellery
 e - a +5 ring of evasion (left hand)
 k - an amulet of guardian spirit (around neck)
Scrolls
 d - a scroll of identify
Potions
 b - a potion of ambrosia
 f - a potion of curing


   Skills:
 + Level 3.9 Fighting
 * Level 4.1 Long Blades
 + Level 3.2 Dodging


You had 3 spell levels left.
You didn't know any spells.
Your spell library contained the following spells:

 Spells                   Type           Power      Damage    Failure   Level
 Magic Dart               Conj           0%         1d3       36%         1
 Searing Ray              Conj           0%         2d4       50%         2
 Fulminant Prism          Conj/Hex       0%         3d5       98%         4


Dungeon Overview and Level Annotations

Branches:
Dungeon (3/15)

Altars:


Innate Abilities, Weirdness & Mutations

Your plain brown scales are hard. (AC +5)
You cannot fit into any form of body armour.
You are cold-blooded and may be slowed by cold attacks.


Message History

The orc hits you but does no damage. The orc barely misses you.
The orc completely misses you.
You are too injured to fight recklessly!
You are too injured to fight recklessly!
You are too injured to fight recklessly!
You are too injured to fight recklessly!
You are too injured to fight recklessly!
The orc attacks as it pursues you! The orc closely misses you. x2
The orc priest looks braver for a moment.
The orc barely misses you. The orc attacks as it pursues you!
The orc misses you. The orc attacks as it pursues you! The orc misses you.
You hit the orc but do no damage. The orc hits you with a +0 whip. x2
As you read the scroll labelled FUAFRI JEABEXT, it crumbles to dust.
It is a scroll of identify.
f - a potion of curing The orc priest calls upon Beogh to heal something.
The orc barely misses you.
It was a potion of resistance.
You feel protected. The orc completely misses you.
Okay, then.
As you read the scroll labelled POXUAT TUQOF, it crumbles to dust.
The creatures around you are filled with an inner flame!
It was a scroll of immolation.
The orc completely misses you.
As you read the scroll labelled CAUPPYGEFOP, it crumbles to dust.
You hear a loud clanging noise!
It was a scroll of noise.
As you read the scroll labelled YNANIA YFAREUFF, it crumbles to dust.
It is a scroll of amnesia.
You feel forgetful for a moment.
Sorry, you're not good enough to have a special ability.
Sorry, you're not good enough to have a special ability.
You hit the orc.
Flame seeps out of the orc.
The orc is lightly wounded.
The orc closely misses you.
The orc is engulfed in blazing flames.
The orc explodes!
The fiery explosion engulfs the orc!!
The fiery explosion engulfs you! You resist.
You die...

...# .. . ...# . ##? ..### #
#. #.. .... #.##.##.#
###.##### ### ......#.#
#.o...... ..#
........###@#)##### #.#
#.#.....#.#○#.....###.######
........o.§oo...........>...
#......o....#.###.###....###
........#.#.......###.......
#.##..........##..#....###.#
# #.#..#.....##...........#
#.#..#.#............###.# #
#..#......#......).....


You could see 3 orcs.

Vanquished Creatures
  2 adders (D:2)
  2 orcs (D:3)
  5 ball pythons (D:1)
  3 endoplasms
  3 giant cockroaches
  8 hobgoblins
  A quokka (D:2)
  11 bats
  6 frilled lizards
  3 goblins (D:1)
  6 kobolds
  3 rats
53 creatures vanquished.

Notes
Turn   | Place    | Note
-------+----------+-------------------------------------------
     0 | D:1      | mandarbmax the Draconian Monk began the quest for the Orb.
     0 | D:1      | Reached XP level 1. HP: 19/19 MP: 1/1
   166 | D:1      | Reached XP level 2. HP: 26/26 MP: 2/2
   410 | D:1      | Reached XP level 3. HP: 29/31 MP: 3/3
   850 | D:2      | Reached skill level 4 in Long Blades
  1152 | D:3      | Reached XP level 4. HP: 38/40 MP: 4/4
  1240 | D:3      | Killed by an exploding orc... ignited by their inner flame

Illustrated notes

Levels and vault maps discovered:
D:1:      nzn_arrival_crosshair, layout_basic
D:2:      layout_basic
D:3:      layout_basic

Skill      XL: |  1  2  3 |
---------------+----------+-----
Dodging        | 3 |  3.2
Long Blades    | 4 |  4.1
Fighting       | |  3.9

Action                     |  1- 3 |  4- 6 || total
---------------------------+-------+-------++-------
  Melee: Falchion          |   114 |    16 ||   130
         Tailslap          |    11 |     2 ||    13
    Use: Scroll            |       |     4 ||     4
         Potion            |       |     1 ||     1
 Armour: Skin              |    53 |     9 ||    62
  Dodge: Dodged            |   105 |    25 ||   130

Table legend: (Time is in decaauts)
 A = Elapsed time spent in this place.
 B = Non-inter-level travel time spent in this place.
 C = Inter-level travel time spent in this place.
 D = Time resting spent in this place.
 E = Time spent auto-exploring this place.
 F = Levels seen in this place.
 G = Mean time per level.
                   A        B        C        D        E       F      G
               +--------+--------+--------+--------+--------+-----+--------+
         Total |   1254 |   1205 |     49 |      0 |    881 |   3 |  418.0 |
       Dungeon |   1254 |   1205 |     49 |      0 |    881 |   3 |  418.0 |
               +--------+--------+--------+--------+--------+-----+--------+

Top non-repeatable levels by time:
     D:1: 644 daAuts
     D:2: 495 daAuts
     D:3: 113 daAuts
